 Dungeon Crawl Stone Soup version 0.21-a0-634-gaf8bc5d (webtiles) character file.

10782 Monsterracer the Grappler (level 11, -8/117 HPs)
             Began as an Ogre Transmuter on Dec 29, 2017.
             Was a High Priest of Okawaru.
             Mangled by a blink frog (14 damage)
             ... on level 2 of the Lair of Beasts.
             The game lasted 00:30:16 (16483 turns).

Monsterracer the Grappler (Ogre Transmuter)        Turns: 16483, Time: 00:30:17

Health: -8/117     AC:  5    Str: 19    XL:     11   Next: 67%
Magic:  16/17      EV: 12    Int: 18    God:    Okawaru [*****.]
Gold:   572        SH:  0    Dex:  7    Spells: 4/18 levels left

rFire    . . .     SeeInvis .     - Unarmed
rCold    . . .     Gourm    .   (no shield)
rNeg     . . .     Faith    +   v - +2 robe {MR+}
rPois    +         Spirit   .   (helmet restricted)
rElec    +         Reflect  .   (no cloak)
rCorr    .         Harm     .   (gloves unavailable)
MR       ++...                  (boots unavailable)
Stlth    +.........             m - amulet of faith
HPRegen  0.29/turn              t - ring "Watet" {+Blink rElec rPois EV+1 Dex-2}
MPRegen  0.15/turn              c - +4 ring of intelligence

@: no status effects
A: large, unfitting armour, tough skin 1
a: Heroism, Finesse, Renounce Religion, Evoke Blink


You were on level 2 of the Lair of Beasts.
You worshipped Okawaru.
Okawaru was extremely pleased with you.
You were not hungry.

You visited 3 branches of the dungeon, and saw 12 of its levels.

You collected 572 gold pieces.

Inventory:

Hand Weapons
 b - the +4 hand axe of Insomnia {elec, rF- Int+7 Dex+4, !a}
   (You found it on level 7 of the Dungeon)

   Occasionally, upon striking a foe, it will discharge some electrical energy
   and cause terrible harm.
   It affects your intelligence (+7).
   It affects your dexterity (+4).
   It makes you vulnerable to fire.
Missiles
 a - 244 arrows
 r - 6 large rocks (quivered)
Armour
 v - a +2 robe of magic resistance (worn)
Jewellery
 c - a +4 ring of intelligence (right hand)
 k - an uncursed ring of protection from magic {!d}
 m - an amulet of faith (around neck)
 p - an uncursed ring of magical power
 t - the ring "Watet" (left hand) {+Blink rElec rPois EV+1 Dex-2}
   (You found it on level 7 of the Dungeon)

   [ring of evasion]

   It affects your evasion (+1).
   It affects your dexterity (-2).
   It insulates you from electricity.
   It protects you from poison.
   It lets you blink.
 z - a +5 amulet of reflection
 B - a +5 amulet of reflection
Wands
 C - a wand of acid (10)
 E - a wand of scattershot (8)
 F - a wand of iceblast (11)
Scrolls
 e - 3 scrolls of remove curse
 f - 2 scrolls of fear {!r}
 h - a scroll of enchant weapon
 j - 3 scrolls of identify
 n - 2 scrolls of teleportation
 y - a scroll of blinking
Potions
 g - 6 potions of curing
 i - 3 potions of might
 l - 2 potions of lignification
 o - 2 potions of mutation {!q}
 q - 4 potions of haste
 s - 3 potions of flight
 u - a potion of resistance
 x - 2 potions of agility
 A - 2 potions of magic
Comestibles
 d - 16 rations
 D - 6 chunks of flesh


   Skills:
 + Level 9.8 Fighting
 + Level 4.8 Dodging
 * Level 10.0 Unarmed Combat
 - Level 4.0 Spellcasting
 + Level 8.7 Transmutations
 - Level 3.0 Ice Magic
 + Level 6.2 Invocations


You had 4 spell levels left.
You knew the following spells:

 Your Spells              Type           Power        Failure   Level  Hunger
a - Ice Form              Ice/Tmut       ###.....     13%         4    ####...
b - Sticks to Snakes      Tmut           #####...     1%          2    ##.....
c - Spider Form           Tmut/Pois      ###.......   8%          3    ###....
d - Blade Hands           Tmut           #####.....   11%         5    ######.


Dungeon Overview and Level Annotations

Branches:
Dungeon (9/15)             Temple (1/1) D:6            Lair (2/6) D:9
    Orc (0/2) D:9
  Swamp: Lair:2-4    Shoals: Lair:2-4     Snake: Lair:2-4    Spider: Lair:2-4

Altars:
Ashenzari
Cheibriados
Dithmenos
Elyvilon
Fedhas
Gozag
Hepliaklqana
Kikubaaqudgha
Makhleb
Nemelex Xobeh
Okawaru
Qazlal
Ru
Sif Muna
Trog
Uskayaw
Vehumet
Wu Jian
Xom
Yredelemnul
Zin
The Shining One

Shops:
D:7 :=:

Annotations:
D:7 Feta's ghost, novice MfGl


Innate Abilities, Weirdness & Mutations

You are too large for most types of armour.
You have tough skin. (AC +1)


Message History

You hear the crackle of electricity.
You turn into a tree.
Your +2 robe of magic resistance melds into your body.
You feel less resistant to hostile enchantments.
Your roots penetrate the ground.
The blink frog hits you.
* * * LOW HITPOINT WARNING * * *
The blink frog blinks!
You now have 7/175 hp.
Really attack while wielding the +4 hand axe of Insomnia {elec, rF- Int+7 Dex+4, !a}?
Okay, then.
The +4 hand axe of Insomnia {elec, rF- Int+7 Dex+4, !a} stops crackling.
You are now empty-handed.
You miss the blink frog.
The blink frog is heavily wounded.
The blink frog blinks!
You hit the blink frog.
The blink frog is heavily wounded.
The blink frog hits you.
* * * LOW HITPOINT WARNING * * *
The blink frog blinks!
You take 5 damage, and have 3/175 hp.
You feel much better.
The blink frog hits you but does no damage.
You regained 30 hp, and now have 33/175 hp.
You pummel the blink frog!!
The blink frog is almost dead.
The blink frog hits you but does no damage.
The blink frog blinks!
You cannot move.
You cannot move.
You start resting.
You smack the blink frog!
The blink frog is heavily wounded.
The blink frog hits you.
* * * LOW HITPOINT WARNING * * *
The blink frog blinks!
You pummel the blink frog!!
You kill the blink frog!
Okawaru accepts your kill.
Your Unarmed Combat skill increases to level 10!
Your transformation is almost over.
A blink frog is nearby!
You pummel the blink frog!!
The blink frog is heavily wounded.
The blink frog hits you but does no damage.
You closely miss the blink frog.
The blink frog is heavily wounded.
The blink frog hits you but does no damage.
You smack the blink frog!
The blink frog is almost dead.
You hear a loud, deep croak!
The blink frog hits you.
* * * LOW HITPOINT WARNING * * *
The blink frog blinks!
You take 4 damage, and have 30/175 hp.
You barely miss the blink frog.
The blink frog is almost dead.
The blink frog hits you but does no damage.
You completely miss the blink frog.
The blink frog is almost dead.
The blink frog hits you.
* * * LOW HITPOINT WARNING * * *
You take 3 damage, and have 27/175 hp.
You miss the blink frog.
The blink frog is almost dead.
The blink frog hits you.
* * * LOW HITPOINT WARNING * * *
You take 4 damage, and have 23/175 hp.
You closely miss the blink frog.
The blink frog is almost dead.
The blink frog hits you.
* * * LOW HITPOINT WARNING * * *
You take 5 damage, and have 18/175 hp.
You pummel the blink frog!!
You kill the blink frog!
Okawaru accepts your kill.
You completely miss the blink frog. The blink frog hits you!
* * * LOW HITPOINT WARNING * * *
You take 9 damage, and have 9/175 hp.
You pummel the blink frog!!
The blink frog is severely wounded.
You feel less wooden.
Your +2 robe of magic resistance unmelds from your body.
You feel resistant to hostile enchantments.
You hear a croak.
The blink frog blinks!
You hear a howl! x3
You now have 6/117 hp.
You hit the blink frog. You punch the blink frog!
You kill the blink frog!
Okawaru accepts your kill.
Evoke which item? (* to show all) (? for menu, Esc to quit)
Aiming: Corrosive Bolt
Press: ? - help, Shift-Dir - straight line, f - blink frog
Aim: a blink frog (translocational energy, heavily wounded)
The bolt of acid hits the blink frog.
The blink frog is splashed with acid.
The acid corrodes the blink frog!
The blink frog is almost dead.
The blink frog hits you!
You die...

........###..##
......PP# ##..#
........# #..####
......... ###...P#
.....###..#.##...####
.....# #....#..#....#
......##P...)###...P#...
.....P# ##...#F#.......
......# ##..÷#@#.......
.....## #....###.##...#
P##### ##...# ## #### ##
#P..## # ..... ^.....
^.F..F. §^^....


You could see a blink frog.

Vanquished Creatures
  Erica (D:8)
  A black mamba (Lair:1)
  A hornet (D:7)
  10 blink frogs
  A hippogriff (D:7)
  Sigmund (D:3)
  A wyvern (D:8)
  14 yaks
  Grum (D:8)
  A hungry ghost (D:9)
  3 porcupines
  2 water moccasins
  2 orc warriors
  2 ice beasts
  5 ogres
  4 centaurs
  4 wolves (D:8)
  4 crocodiles
  2 big kobolds (D:8)
  A bullfrog (D:8)
  2 scorpions
  A water moccasin skeleton (D:9)
  9 killer bees
  3 howler monkeys
  4 crimson imps
  A jelly (D:9)
  A bullfrog zombie (D:8)
  A gnoll shaman (D:5)
  4 hounds
  A bullfrog skeleton (D:5)
  4 orc priests
  16 orc wizards
  2 centaur skeletons
  An iguana (D:6)
  Natasha (thrice) (D:3)
  4 worker ants
  A killer bee zombie (D:9)
  A hound skeleton (D:7)
  Robin (D:3)
  A worker ant zombie (D:9)
  7 gnolls
  12 adders
  A shadow imp (D:9)
  An ooze (D:1)
  An adder zombie (D:8)
  An adder skeleton (D:5)
  2 worms
  A dart slug (D:1)
  4 leopard geckos
  35 orcs
  5 giant cockroaches
  15 goblins
  15 hobgoblins
  12 quokkas
  A ball python (D:3)
  5 bats
  9 frilled lizards
  21 kobolds
  A quokka skeleton (D:5)
  A quokka zombie (D:5)
  6 rats
278 creatures vanquished.

Vanquished Creatures (others)
  An orc wizard (D:8)
  6 fungi
  2 plants
9 creatures vanquished.

Grand Total: 287 creatures vanquished

Notes
Turn   | Place    | Note
-------+----------+-------------------------------------------
     0 | D:1      | Monsterracer the Ogre Transmuter began the quest for the Orb.
     0 | D:1      | Reached XP level 1. HP: 19/19 MP: 3/3
   344 | D:1      | Reached XP level 2. HP: 25/28 MP: 5/5
   384 | D:1      | Found a shattered altar of Ashenzari.
   409 | D:1      | Reached skill level 3 in Unarmed Combat
   417 | D:1      | Learned a level 2 spell: Sticks to Snakes
   876 | D:1      | Reached XP level 3. HP: 27/35 MP: 6/6
  1520 | D:2      | Learned a level 3 spell: Spider Form
  1574 | D:2      | HP: 17/35 [gnoll/spear (9)]
  1925 | D:2      | Found a shattered altar of Ashenzari.
  1936 | D:2      | Found a hide-covered altar of Uskayaw.
  1991 | D:2      | Reached XP level 4. HP: 35/44 MP: 7/7
  2368 | D:2      | HP: 22/44 [poisoned by an adder]
  2374 | D:2      | HP: 21/44 [poisoned by an adder]
  2382 | D:2      | HP: 20/44 [poisoned by an adder]
  2737 | D:3      | Noticed Robin
  2912 | D:2      | HP: 17/44 [hobgoblin[Robin] (7)]
  2930 | D:2      | HP: 8/44 [goblin[Robin] (4)]
  3248 | D:3      | Killed Robin
  3258 | D:2      | HP: 22/44 [poisoned by a goblin]
  3263 | D:2      | HP: 22/66 [poisoned by a goblin]
  3268 | D:2      | HP: 16/66 [poisoned by a goblin]
  3274 | D:2      | HP: 12/66 [poisoned by a goblin]
  3279 | D:2      | HP: 9/66 [poisoned by a goblin]
  3285 | D:2      | HP: 7/66 [poisoned by a goblin]
  3291 | D:2      | HP: 3/44 [poisoned by a goblin]
  3299 | D:2      | HP: 2/44 [poisoned by a goblin]
  3610 | D:3      | Reached XP level 5. HP: 52/52 MP: 4/8
  3701 | D:3      | Noticed Natasha
  3710 | D:3      | HP: 26/53 [Natasha (15)]
  3715 | D:3      | HP: 10/53 [Natasha (5)]
  3719 | D:3      | Killed Natasha
  3875 | D:3      | HP: 23/53 [kobold/vampiric short sword (6)]
  4492 | D:3      | Noticed Natasha
  4501 | D:3      | Killed Natasha
  4501 | D:3      | Reached skill level 4 in Unarmed Combat
  5056 | D:3      | Noticed Sigmund
  5065 | D:3      | Killed Sigmund
  5065 | D:3      | Reached XP level 6. HP: 62/62 MP: 3/10
  5076 | D:3      | Learned a level 4 spell: Ice Form
  5157 | D:4      | Reached XP level 7. HP: 61/70 MP: 8/11
  5205 | D:4      | Found an ancient bone altar of Kikubaaqudgha.
  5341 | D:3      | Noticed Natasha
  5348 | D:3      | Killed Natasha
  5474 | D:4      | Reached skill level 1 in Ice Magic
  5493 | D:4      | Reached skill level 5 in Unarmed Combat
  5550 | D:4      | HP: 29/71 [orc/whip (7)]
  5569 | D:4      | HP: 30/71 [orc/flail (3)]
  5773 | D:4      | Reached skill level 5 in Transmutations
  5773 | D:4      | Reached XP level 8. HP: 63/79 MP: 8/12
  5937 | D:4      | Found a sand-covered staircase.
  5948 | D:4      | Reached skill level 5 in Fighting
  6284 | D:4      | Found a glowing golden altar of the Shining One.
  6423 | D:5      | Entered Level 5 of the Dungeon
  6939 | D:5      | Reached skill level 6 in Unarmed Combat
  8004 | D:6      | Found a staircase to the Ecumenical Temple.
  8085 | Temple   | Entered the Ecumenical Temple
  8141 | Temple   | Became a worshipper of Warmaster Okawaru
  8213 | D:6      | Found a snail-covered altar of Cheibriados.
  8235 | D:6      | Reached XP level 9. HP: 73/89 MP: 10/13
  8258 | D:6      | Learned a level 5 spell: Blade Hands
  8370 | D:6      | Reached skill level 1 in Invocations
  8641 | D:6      | Found a radiant altar of Vehumet.
  8899 | D:6      | Found a basalt altar of Yredelemnul.
  9080 | D:7      | Noticed Feta's ghost (novice MfGl)
  9084 | D:7      | Noticed a hornet
  9193 | D:7      | Got a glittering lapis lazuli ring
  9195 | D:7      | Identified the ring "Watet" {+Blink rElec rPois EV+1 Dex-2} (You found it on level 7 of the Dungeon)
  9249 | D:7      | Found Gushe's Book Boutique.
  9359 | D:7      | HP: 44/91 [hippogriff (7)]
  9360 | D:7      | Reached skill level 7 in Unarmed Combat
  9561 | D:7      | Reached * piety under Okawaru
  9722 | D:7      | Found a deep blue altar of Sif Muna.
  9952 | D:7      | Got a crude hand axe
  9960 | D:7      | Found Dounkerr's Book Emporium.
 10037 | D:7      | Found Berhoc's Jewellery Boutique.
 10131 | D:7      | Killed a hornet
 10242 | D:7      | Found a blossoming altar of Fedhas.
 10245 | D:7      | Found a hazy altar of Hepliaklqana.
 10490 | D:7      | Found a shadowy altar of Dithmenos.
 10630 | D:8      | Noticed Grum
 10699 | D:8      | Reached ** piety under Okawaru
 10914 | D:8      | Noticed Erica
 11174 | D:8      | Killed Erica
 11174 | D:8      | Reached *** piety under Okawaru
 11174 | D:8      | Reached skill level 8 in Unarmed Combat
 11174 | D:8      | Reached XP level 10. HP: 96/104 MP: 9/14
 11191 | D:8      | HP: 58/124 [wolf[Grum] (8)]
 11208 | D:8      | Killed Grum
 11526 | D:8      | HP: 52/104 [crimson imp (4)]
 11533 | D:8      | Reached **** piety under Okawaru
 12011 | D:8      | HP: 60/124 [killer bee (7)]
 12016 | D:8      | HP: 47/124 [killer bee (9)]
 12023 | D:8      | HP: 46/124 [poisoned by a killer bee]
 12031 | D:8      | HP: 46/124 [poisoned by a killer bee]
 12794 | D:9      | Found a staircase to the Orcish Mines.
 13019 | D:9      | Found a staircase to the Lair.
 13254 | D:9      | Identified the +4 hand axe of Insomnia {elec, rF- Int+7 Dex+4} (You found it on level 7 of the Dungeon)
 13584 | D:9      | Reached skill level 9 in Unarmed Combat
 13918 | Lair:1   | Entered Level 1 of the Lair of Beasts
 13947 | Lair:1   | Reached skill level 5 in Invocations
 14463 | Lair:1   | Noticed a black mamba
 14466 | Lair:1   | Killed a black mamba
 14466 | Lair:1   | Reached ***** piety under Okawaru
 14466 | Lair:1   | Reached XP level 11. HP: 113/113 MP: 11/16
 14540 | Lair:1   | Received a gift from Okawaru
 14672 | Lair:1   | You fall through a shaft!
 15023 | Lair:2   | HP: 56/138 [yak (15)]
 15029 | Lair:2   | HP: 24/138 [yak (10)]
 15434 | Lair:1   | HP: 68/138 [blink frog (8)]
 15437 | Lair:1   | Received a gift from Okawaru
 15646 | Lair:2   | HP: 64/138 [blink frog (16)]
 15649 | Lair:1   | HP: 31/138 [blink frog (5)]
 15657 | Lair:1   | HP: 20/138 [blink frog (13)]
 15662 | Lair:1   | HP: 3/138 [blink frog (10)]
 16457 | Lair:2   | HP: 51/117 [blink frog (15)]
 16460 | Lair:2   | HP: 20/117 [blink frog (13)]
 16461 | Lair:2   | HP: 8/117 [blink frog (12)]
 16466 | Lair:2   | HP: 3/175 [blink frog (5)]
 16471 | Lair:2   | Reached skill level 10 in Unarmed Combat
 16474 | Lair:2   | HP: 30/175 [blink frog (4)]
 16480 | Lair:2   | HP: 9/175 [blink frog (10)]
 16483 | Lair:2   | Mangled by a blink frog

Vault maps used:
D:1:      minmay_arrival_solitary_statue, nicolae_ashenzari_panopticon
D:2:      overflow_temple_1_default, lemuel_crystal_altar
D:3:      uniq_sigmund, uniq_robin, uniq_natasha
D:4:      kiku_gazebo_garden_becter, chequers_ossuary_entry_cave, first_ration,
          tso_altar
D:6:      vehumet_crystals, kennysheep_little_box, minmay_temple_entry_statues,
          cheibriados_altar_1
D:7:      kennysheep_orc_sif_temple, lemuel_coloured_pillars_altar,
          grunt_temple_overflow_open, serial_shops,
          nicolae_shop_window_shopping, shop, kennysheep_mini, minivault_27
D:8:      uniq_erica, uniq_grum
D:9:      lair_entry_dummy, david_orc_2
Temple:   nicolae_temple_great_sept
Lair:1:   minivault_26, st_stairs_7, grunt_megastairs_2,
          infiniplex_staircase_pool, lemuel_fruit_fields
Lair:2:   spider_nest_entry_web_field

Skill      XL: |  1  2  3  4  5  6  7  8  9 10 11 |
---------------+----------------------------------+-----
Transmutations | 2 3 4 5 6 7 8 |  8.7
Unarmed Combat | 3 4 5 6 8 9 10 | 10.0
Fighting       | 2 3 4 6 7 8 9 |  9.8
Spellcasting   | 3 4 |  4.0
Ice Magic      | 1 3 |  3.0
Invocations    | 3 5 6 |  6.2
Dodging        | 2 3 4 |  4.8

Action                   |  1- 3 |  4- 6 |  7- 9 | 10-12 || total
-------------------------+-------+-------+-------+-------++-------
Melee: Unarmed           |   127 |   195 |   394 |   332 ||  1048
       Kick              |     2 |     1 |       |       ||     3
       Punch             |       |       |     4 |     6 ||    10
 Cast: Beastly Appendage |     2 |     1 |       |       ||     3
       Spider Form       |     2 |    13 |    23 |     1 ||    39
       Ice Form          |       |       |     9 |    20 ||    29
       Blade Hands       |       |       |       |     4 ||     4
Invok: Heroism           |       |       |     2 |     1 ||     3
Evoke: Wand              |       |       |       |     1 ||     1
  Use: Potion            |       |     1 |       |     3 ||     4
       Scroll            |       |       |    19 |     5 ||    24
 Stab: Sleeping          |     1 |     5 |     6 |       ||    12
  Eat: Chunk             |     4 |     9 |    18 |    15 ||    46
       Ration            |       |     1 |     2 |     3 ||     6
Armor: Robe              |    49 |    24 |    24 |    11 ||   108
       Skin              |       |     6 |    22 |    41 ||    69
Dodge: Dodged            |    93 |   119 |   202 |   167 ||   581

Table legend:
 A = Spawn XP
 B = Non-spawn XP
 C = Spawn XP percentage of total XP
 D = Spawn monster count
 E = Non-spawn monster count
 F = Spawn count percentage of total count
 G = Total turns spent on level
                    A         B        C        D         E        F      G
               +---------+---------+-------+---------+---------+-------+---------
         Total |       0 |   15403 |   0.0 |       0 |     278 |   0.0 | 16483
               +---------+---------+-------+---------+---------+-------+---------
           D:1 |       0 |      39 |   0.0 |       0 |      22 |   0.0 |  1651
           D:2 |       0 |      94 |   0.0 |       0 |      20 |   0.0 |  1888
           D:3 |       0 |     523 |   0.0 |       0 |      45 |   0.0 |  1970
           D:4 |       0 |     694 |   0.0 |       0 |      32 |   0.0 |   914
           D:5 |       0 |     570 |   0.0 |       0 |      20 |   0.0 |  1227
           D:6 |       0 |     725 |   0.0 |       0 |      20 |   0.0 |  1383
           D:7 |       0 |    1094 |   0.0 |       0 |      19 |   0.0 |  1557
           D:8 |       0 |    3322 |   0.0 |       0 |      40 |   0.0 |  1949
           D:9 |       0 |    1185 |   0.0 |       0 |      26 |   0.0 |  1286
        Lair:1 |       0 |    3993 |   0.0 |       0 |      18 |   0.0 |  1543
        Lair:2 |       0 |    3164 |   0.0 |       0 |      16 |   0.0 |  1022
               +---------+---------+-------+---------+---------+-------+---------

Vault maps used:
D:1:      minmay_arrival_solitary_statue, nicolae_ashenzari_panopticon
D:2:      overflow_temple_1_default, lemuel_crystal_altar
D:3:      uniq_sigmund, uniq_robin, uniq_natasha
D:4:      kiku_gazebo_garden_becter, chequers_ossuary_entry_cave, first_ration,
          tso_altar
D:6:      vehumet_crystals, kennysheep_little_box, minmay_temple_entry_statues,
          cheibriados_altar_1
D:7:      kennysheep_orc_sif_temple, lemuel_coloured_pillars_altar,
          grunt_temple_overflow_open, serial_shops,
          nicolae_shop_window_shopping, shop, kennysheep_mini, minivault_27
D:8:      uniq_erica, uniq_grum
D:9:      lair_entry_dummy, david_orc_2
Temple:   nicolae_temple_great_sept
Lair:1:   minivault_26, st_stairs_7, grunt_megastairs_2,
          infiniplex_staircase_pool, lemuel_fruit_fields
Lair:2:   spider_nest_entry_web_field
